 Dungeon Crawl Stone Soup version 0.25-a0-346-g140ab784a8 (webtiles) character file.

Game seed: 5029634746962319625, levelgen mode: deterministic

74335 Lavandula the Spry (level 15, -8/120 HPs)
             Began as a Merfolk Monk on Dec 31, 2019.
             Was a Priest of Qazlal.
             Mangled by a vampire knight
             ... wielding a +2 dire flail of protection
              (31 damage)
             ... on level 3 of the Swamp.
             The game lasted 01:07:00 (18896 turns).

Lavandula the Spry (Merfolk Monk)                  Turns: 18896, Time: 01:07:01

Health: -8/120     AC: 17    Str: 20    XL:     15   Next: 46%
Magic:  7/21       EV: 22    Int: 16    God:    Qazlal [***...]
Gold:   1128       SH:  8    Dex: 14    Spells: 17/22 levels left

rFire    + . .     SeeInvis .   J - +4 trident of Cilian {pierce, Fragile rElec Int+6}
rCold    . . .     Gourm    .   o - +0 buckler
rNeg     . . .     Faith    .   S - +2 leather armour {MR+}
rPois    .         Spirit   .   W - +1 hat
rElec    +         Reflect  .   m - +0 cloak
rCorr    .         Harm     .   C - +2 pair of gloves
MR       ++...                  R - +2 pair of boots {run}
Stlth    ++........             X - amulet of regeneration
HPRegen  0.70/turn              V - ring "Bisulisteck" {Str-3 Slay+5 Stlth+}
MPRegen  0.17/turn              F - +5 ring of strength

@: quick
A: change form in water, swift swim, stealthy swim, clumsy 1, fire resistance 1,
shaggy fur 1
a: Upheaval, Elemental Force, Renounce Religion


You were on level 3 of the Swamp.
You worshipped Qazlal.
Qazlal was most pleased with you.
You were hungry.

You visited 5 branches of the dungeon, and saw 24 of its levels.
You also visited: Sewer and Ice Cave.

You collected 1754 gold pieces.
You spent 626 gold pieces at shops.

Inventory:

Hand Weapons
 g - a +3 scythe of protection
 J - the +4 trident of Cilian (weapon) {pierce, Fragile rElec Int+6}
   (You took it off a spriggan on level 8 of the Dungeon)

   It inflicts extra damage upon your enemies.
   It affects your intelligence (+6).
   It insulates you from electricity.
   It will be destroyed if unequipped.
Missiles
 l - a throwing net
 u - 54 poisoned darts (quivered)
 I - 2 curare-tipped darts
Armour
 m - a +0 cloak (worn)
 o - a +0 buckler (worn)
 C - a +2 pair of gloves (worn)
 M - +0 swamp dragon scales
 N - the +6 scale mail "Geneod" {*Slow rElec Dex+2}
   (You found it in an ice cave)

   It affects your dexterity (+2).
   It insulates you from electricity.
   It may slow you when you take damage.
 R - a +2 pair of boots of running (worn)
 S - a +2 leather armour of magic resistance (worn)
 W - a +1 hat (worn)
Jewellery
 i - an uncursed amulet of rage
 w - an uncursed ring of protection from cold
 F - a +5 ring of strength (right hand)
 O - an uncursed ring of protection from cold
 V - the ring "Bisulisteck" (left hand) {Str-3 Slay+5 Stlth+}
   (You bought it in a shop on level 9 of the Dungeon)

   [ring of stealth]

   It affects your strength (-3).
   It affects your accuracy and damage with ranged weapons and melee attacks
   (+5).
   It makes you more stealthy.
 X - an amulet of regeneration (around neck)
Wands
 a - a wand of digging (27)
 t - a wand of iceblast (14)
 K - a wand of random effects (14)
 L - a wand of disintegration (4)
 Q - a wand of paralysis (5)
 U - a wand of flame (46)
 Z - a wand of polymorph (11)
Scrolls
 e - 4 scrolls of immolation
 h - 2 scrolls of magic mapping
 k - 11 scrolls of remove curse
 s - 4 scrolls of teleportation
 x - a scroll of silence
 y - 2 scrolls of blinking
 B - 2 scrolls of enchant weapon
 D - 6 scrolls of fog
 G - 2 scrolls of fear
 T - 3 scrolls of amnesia
Potions
 d - a potion of agility
 f - 2 potions of ambrosia
 j - 5 potions of heal wounds
 n - 2 potions of flight
 p - 4 potions of might
 r - a potion of magic
 v - 2 potions of brilliance
 z - 4 potions of curing
 A - a potion of haste
 H - 2 potions of mutation
 P - 2 potions of lignification
 Y - 2 potions of resistance
Miscellaneous
 b - a lightning rod (4/4)
 q - a phial of floods (inert)
Comestibles
 c - 47 rations


   Skills:
 - Level 12.1 Fighting
 - Level 14.4 Polearms
 - Level 11.4 Armour
 + Level 15.9 Dodging
 - Level 2.1 Stealth
 - Level 4.0 Shields
 - Level 4.2 Spellcasting
 - Level 3.9 Charms
 - Level 2.7 Necromancy
 - Level 4.2 Translocations
 - Level 7.6 Invocations
 - Level 2.5 Evocations


You had 17 spell levels left.
You knew the following spells:

 Your Spells              Type           Power        Failure   Level  Hunger
a - Regeneration          Chrm/Necr      ##........   14%         3    ###....
b - Blink                 Tloc           N/A          4%          2    ##.....

Your spell library contained the following spells:

 Spells                   Type           Power        Failure   Level  Hunger
 Beastly Appendage        Tmut           #.....       19%         1    None
 Corona                   Hex            #......      19%         1    None
 Foxfire                  Conj/Fire      #...         19%         1    None
 Magic Dart               Conj           #...         19%         1    None
 Summon Butterflies       Summ           #.......     19%         1    None
 Portal Projectile        Hex/Tloc       ##....       24%         3    ###....
 Poisonous Vapours        Pois/Air       #.....       28%         2    ##.....
 Searing Ray              Conj           #.....       28%         2    ##.....
 Slow                     Hex            #.......     28%         2    ##.....
 Sticks to Snakes         Tmut           #.......     28%         2    ##.....
 Call Canine Familiar     Summ           #.......     50%         3    ###....
 Conjure Flame            Conj/Fire      #.......     50%         3    ###....
 Dazzling Flash           Conj/Hex       #.....       50%         3    ###....
 Inner Flame              Hex/Fire       #.......     50%         3    ###....
 Mephitic Cloud           Conj/Pois/Air  #.......     50%         3    ###....
 Spider Form              Tmut/Pois      #.........   50%         3    ###....
 Iskenderun's Mystic Bla  Conj/Tloc      ##......     61%         4    ####...
 Excruciating Wounds      Chrm/Necr      ##........   78%         5    ######.
 Agony                    Necr           ##......     86%         5    ######.
 Cause Fear               Hex            #.........   88%         4    ####...
 Fulminant Prism          Conj/Hex       #.........   88%         4    ####...
 Ice Form                 Ice/Tmut       #.......     88%         4    ####...
 Leda's Liquefaction      Hex/Erth       #.........   88%         4    ####...
 Petrify                  Tmut/Erth      #.......     88%         4    ####...
 Sticky Flame             Conj/Fire      #.......     88%         4    ####...
 Summon Ice Beast         Ice/Summ       #.......     88%         4    ####...
 Iskenderun's Battlesphe  Conj/Chrm      #.......     92%         5    ######.
 Borgnjor's Vile Clutch   Necr/Erth      #.........   96%         5    ######.
 Alistair's Intoxication  Tmut/Pois      #.......     99%         5    ######.
 Blade Hands              Tmut           #.........   99%         5    ######.
 Fireball                 Conj/Fire      #.........   99%         5    ######.
 Summon Mana Viper        Hex/Summ       #.......     99%         5    ######.
 Freezing Cloud           Conj/Ice/Air   #.........   100%        6    #######
 Ring of Flames           Chrm/Fire      #.........   100%        7    #######
 Summon Hydra             Summ           #.........   100%        7    #######
 Disjunction              Tloc           ###.......   100%        8    #######


Dungeon Overview and Level Annotations

Branches:
Dungeon (14/15)            Temple (1/1) D:6            Lair (3/6) D:8
  Swamp (4/4) Lair:3        Snake (0/4) Lair:2          Orc (2/2) D:11
    Elf (0/3) Orc:2        Vaults (0/5) D:14          Sewer (visited)
  IceCv (visited)

Altars:
Cheibriados
Dithmenos
Elyvilon
Gozag
Kikubaaqudgha
Okawaru
Qazlal
Ru
Sif Muna
Uskayaw
Wu Jian
Zin
The Shining One
Beogh

Shops:
D:4 =   D:5 !   D:6 [   D:9 *   Orc:2 (*[:

Annotations:
D:7 exclusion: hydra


Innate Abilities, Weirdness & Mutations

You revert to your normal form in water.
You are very nimble and swift while swimming.
You are very stealthy in the water. (Stealth+)
You are clumsy. (Dex -2)
Your flesh is heat resistant. (rF+)
You are covered in fur. (AC +1)


Message History

* * * LOW HITPOINT WARNING * * *
Deactivating autopickup; reactivate with Ctrl-A.
Something bites you!
* * * LOW HITPOINT WARNING * * *
Something draws strength from your injuries!
You feel much better. Something hits you!
* * * LOW HITPOINT WARNING * * *
Something bites you but does no damage.
Your legs become a tail as you enter the water.
Your +2 pair of boots of running melds into your body.
Something hits you.
* * * LOW HITPOINT WARNING * * *
Something closely misses you.
Your +2 pair of boots of running unmelds from your body.
You feel quick. Something hits you!
* * * LOW HITPOINT WARNING * * *
Something bites you but does no damage.
You feel much better. Something hits you!!
You die...

≈≈≈♣ ♣.≈♣ ♣♣♣♣
≈≈≈♣♣♣.≈♣♣♣♣≈.♣♣
≈§.≈♣.≈.♣≈≈♣≈≈.♣
≈.....≈≈.......♣♣♣ ≈
≈.♣.≈≈≈≈≈≈≈≈≈≈≈.≈♣♣ ≈≈
.♣♣♣†≈≈≈≈≈≈≈≈≈≈..<♣♣ .≈≈
♣♣♣♣≈..≈≈≈......<.≈♣ ...
♣♣..≈≈≈≈≈≈≈≈.≈≈..≈♣♣..#
♣♣.§≈≈≈≈≈≈≈..≈≈≈@♣♣≈..#
♣♣♣.≈≈≈≈≈§......☼.....##
♣♣≈.....♣..≈≈≈....^....
♣.≈≈≈<♣♣♣♣..≈≈..≈.≈...≈
♣♣♣.≈≈≈♣♣
♣...>...♣.≈.≈.. ♣≈≈≈...♣
♣♣..♣♣♣♣♣♣≈♣.≈. ♣.≈≈.♣♣♣
♣..≈♣♣ ♣♣ .. ♣≈..≈♣
♣.♣..≈♣ . ♣♣♣♣♣♣
♣≈≈..≈≈≈.♣


There were no monsters in sight!

Vanquished Creatures
  A very ugly thing (Swamp:1)
  A vampire knight (Swamp:4)
  A stone giant (Orc:2)
  3 vault guards (D:14)
  9 hydras
  6 alligators
  4 two-headed ogres
  The ghost of Derrek the Blocker, a novice GnFi of Okawaru (D:8)
  5 orc high priests
  Nergalle (Lair:3)
  3 swamp dragons
  An orange crystal statue (Lair:3)
  A wizard (D:11)
  Pikel (D:9)
  3 deep elf magi (D:11)
  A spectral hydra (Swamp:4)
  4 orc knights
  3 ugly things
  6 orc sorcerers
  3 black mambas
  3 ice statues
  7 spiny frogs
  2 gargoyles (D:12)
  2 centaur skeletons (D:12)
  2 kobold demonologists (D:12)
  2 rime drakes
  4 komodo dragons
  An ice devil (D:12)
  A merfolk (D:9)
  A hydra zombie (Swamp:4)
  6 trolls
  A queen bee (Lair:3)
  6 polar bears (D:12)
  5 tyrant leeches
  2 hornets
  7 bog bodies
  A death drake skeleton (Swamp:4)
  5 hippogriffs
  9 slime creatures
  A hydra skeleton (Swamp:4)
  Prince Ribbit (Lair:3)
  21 blink frogs
  Sigmund (D:2)
  A shadow (Swamp:1)
  4 spriggans
  18 yaks
  A wyvern (D:12)
  A hungry ghost (D:8)
  2 basilisks (Lair:1)
  A steam dragon (D:11)
  4 vampire mosquitoes
  6 swamp worms
  15 water moccasins
  An acid dragon (D:14)
  A soldier ant (D:12)
  6 porcupines
  35 orc warriors
  6 swamp drakes
  19 ice beasts
  A slave (D:9)
  2 sky beasts
  A black bear (D:10)
  9 wolves
  4 phantoms
  A necrophage (D:10)
  6 ogres
  5 crocodiles
  6 centaurs
  5 big kobolds
  14 bullfrogs
  33 killer bees
  3 scorpions
  A water moccasin skeleton (D:7)
  3 wights (D:12)
  2 howler monkeys
  An electric eel (Lair:3)
  4 crimson imps
  2 jellies
  13 orc priests
  Crazy Yiuf (D:2)
  31 orc wizards
  3 bullfrog skeletons
  4 hounds
  Jessica (D:2)
  2 iguanas
  Natasha (thrice) (D:3)
  12 worker ants
  2 hound skeletons
  A howler monkey zombie (D:6)
  A worker ant zombie (D:9)
  A howler monkey skeleton (D:9)
  17 adders
  A shadow imp (D:5)
  A white imp (D:12)
  2 oozes
  An adder skeleton (D:8)
  4 dart slugs
  2 worms
  5 leopard geckos
  91 orcs
  13 giant cockroaches
  9 hobgoblins
  33 jackals
  3 quokkas
  2 ball pythons
  5 bats
  10 frilled lizards
  4 goblins
  23 kobolds
  A leopard gecko skeleton (D:4)
  A quokka zombie (D:7)
  7 rats
  A butterfly (Lair:3)
684 creatures vanquished.

Vanquished Creatures (collateral kills)
  An orc warlord (Orc:2)
  A hornet (Swamp:2)
  A spriggan (Swamp:2)
3 creatures vanquished.

Vanquished Creatures (others)
  A spriggan druid (Swamp:2)
  2 slaves (D:9)
  A hound (D:9)
  7 fungi
  34 plants
45 creatures vanquished.

Grand Total: 732 creatures vanquished

Notes
Turn   | Place    | Note
-------+----------+-------------------------------------------
     0 | D:1      | Lavandula the Merfolk Monk began the quest for the Orb.
     0 | D:1      | Reached XP level 1. HP: 18/18 MP: 1/1
     6 | D:1      | Noticed an anaconda
     6 | D:1      | Noticed a hound
     7 | D:1      | Noticed a black bear
     7 | D:1      | Noticed a crocodile
   266 | D:2      | Found an iron altar of Okawaru.
   305 | D:2      | Reached skill level 5 in Polearms
   458 | D:1      | Reached XP level 2. HP: 16/24 MP: 2/2
   773 | D:2      | Found an opulent altar of Gozag.
  1089 | D:2      | Noticed Sigmund
  1412 | D:1      | Reached XP level 3. HP: 29/29 MP: 3/3
  1821 | D:2      | Noticed Jessica
  1830 | D:2      | Killed Jessica
  1830 | D:2      | Reached XP level 4. HP: 21/35 MP: 4/4
  2397 | D:2      | Reached XP level 5. HP: 41/41 MP: 5/5
  2530 | D:2      | Found a runed translucent door.
  2531 | D:2      | Noticed Crazy Yiuf
  2539 | D:2      | Killed Crazy Yiuf
  2539 | D:2      | Reached skill level 1 in Evocations
  2803 | D:3      | Noticed Natasha
  2835 | D:3      | Killed Natasha
  3013 | D:3      | Noticed Natasha
  3034 | D:3      | Killed Natasha
  3034 | D:3      | Reached XP level 6. HP: 42/47 MP: 7/7
  3053 | D:3      | Noticed Natasha
  3174 | D:3      | Killed Natasha
  3338 | D:3      | Noticed a two-headed ogre
  3437 | D:2      | Killed Sigmund
  3437 | D:2      | Reached skill level 10 in Polearms
  3621 | D:3      | Reached XP level 7. HP: 52/52 MP: 8/8
  3677 | D:4      | You fall into a shaft and drop 3 floors!
  4094 | D:7      | Noticed a six-headed hydra
  4188 | D:7      | Got an ancient hand axe
  4335 | D:5      | Entered Level 5 of the Dungeon
  4386 | D:5      | Reached XP level 8. HP: 46/58 MP: 9/9
  4423 | D:5      | Reached skill level 5 in Dodging
  4424 | D:5      | Found a glowing drain.
  4473 | D:5      | Reached skill level 6 in Dodging
  4504 | D:5      | Reached skill level 7 in Dodging
  4521 | Sewer    | Entered a sewer
  4907 | Sewer    | Reached skill level 8 in Dodging
  5059 | D:5      | Reached skill level 9 in Dodging
  5097 | D:5      | Reached skill level 10 in Dodging
  5105 | D:5      | Reached XP level 9. HP: 54/64 MP: 10/10
  5172 | D:5      | Found Vyng's Distillery.
  5181 | D:5      | Bought a potion of haste for 100 gold pieces
  5181 | D:5      | Bought a potion of heal wounds for 50 gold pieces
  5181 | D:5      | Bought a potion of might for 40 gold pieces
  5224 | D:4      | Found Nuxuf's Jewellery Shop.
  5530 | D:4      | Got an ancient whip
  5531 | D:4      | Identified the +4 whip of Saltpetre {protect, *Noise rC+
                  | Dex+5} (You found it on level 4 of the Dungeon)
  5627 | D:4      | Found a shimmering blue altar of Sif Muna.
  6029 | D:6      | Found a staircase to the Ecumenical Temple.
  6044 | Temple   | Entered the Ecumenical Temple
  6079 | Temple   | Became a worshipper of Qazlal Stormbringer
  6079 | Temple   | Reached * piety under Qazlal
  6079 | Temple   | Reached ** piety under Qazlal
  6136 | D:6      | Found Ynag's Armour Emporium.
  6176 | D:6      | Reached skill level 5 in Fighting
  6361 | D:6      | Found a white marble altar of Elyvilon.
  6514 | D:6      | Found a shimmering blue altar of Sif Muna.
  6734 | D:8      | Found a runed translucent door.
  6750 | D:8      | Noticed Derrek's ghost (novice GnFi)
  7054 | D:8      | Noticed a two-headed ogre
  7071 | D:8      | Killed a two-headed ogre
  7071 | D:8      | Reached XP level 10. HP: 66/84 MP: 11/11
  7079 | D:8      | Reached skill level 10 in Fighting
  7389 | D:8      | Identified the +4 trident of Cilian {pierce, Fragile rElec
                  | Int+6}
  7484 | D:8      | Found a staircase to the Lair.
  7620 | D:8      | Reached skill level 1 in Invocations
  7637 | D:8      | Killed Derrek's ghost
  7696 | D:9      | Reached *** piety under Qazlal
  7940 | D:9      | Noticed Pikel
  7950 | D:9      | Killed Pikel
  7950 | D:9      | Reached skill level 5 in Invocations
  8008 | D:9      | Reached XP level 11. HP: 80/93 MP: 14/14
  8151 | D:9      | Noticed a five-headed hydra
  8159 | D:9      | Killed a five-headed hydra
  8244 | D:9      | Found Jastrihy's Assorted Antiques.
  8253 | D:9      | Bought a crude copper ring for 140 gold pieces
  8253 | D:9      | Bought a scroll labeled QALAURUGADGH for 28 gold pieces
  8253 | D:9      | Bought a scroll labeled JUCKIRRUIKK for 28 gold pieces
  8256 | D:9      | Identified the ring "Bisulisteck" {Str-3 Slay+5 Stlth+}
                  | (You bought it in a shop on level 9 of the Dungeon)
  8325 | D:10     | Entered Level 10 of the Dungeon
  8391 | D:10     | Noticed a two-headed ogre
  8398 | D:10     | Killed a two-headed ogre
  8416 | D:10     | Reached skill level 1 in Shields
  8919 | D:11     | Noticed a white ugly thing
  9019 | D:11     | Killed a white ugly thing
  9102 | D:11     | You fall into a shaft and drop 3 floors!
  9102 | D:14     | Found a sacrificial altar of Ru.
  9217 | D:14     | Noticed an eight-headed hydra
  9220 | D:14     | Killed an eight-headed hydra
  9292 | D:14     | Noticed a vault guard
  9292 | D:14     | Noticed a vault guard
  9292 | D:14     | Noticed a vault guard
  9292 | D:14     | Noticed a vault guard
  9293 | D:14     | Found a gate to the Vaults.
  9293 | D:14     | Noticed a vault guard
  9293 | D:14     | Noticed a vault guard
  9294 | D:14     | Noticed a vault guard
  9294 | D:14     | Noticed a vault guard
  9314 | D:14     | Killed a vault guard
  9324 | D:14     | Killed a vault guard
  9325 | D:14     | Killed a vault guard
  9325 | D:14     | Reached XP level 12. HP: 70/100 MP: 17/17
  9595 | D:13     | Paralysed by a hornet for 3 turns
  9746 | D:12     | Reached skill level 5 in Armour
  9844 | D:12     | Noticed a two-headed ogre
  9852 | D:12     | Killed a two-headed ogre
 10491 | D:11     | Noticed a six-headed hydra
 10495 | D:11     | Killed a six-headed hydra
 10716 | D:11     | Found a staircase to the Orcish Mines.
 10765 | D:11     | Reached **** piety under Qazlal
 10977 | D:11     | Identified the Grimoire of Plaster Cramp
 10984 | D:11     | Identified Ts'ui Pên's Grimoire of Forking Paths
 10990 | D:11     | Learned a level 3 spell: Regeneration
 11534 | D:11     | Identified the Tome of Dhcmrlchtdj
 11639 | D:12     | Noticed a sun demon
 11658 | D:12     | Reached XP level 13. HP: 93/106 MP: 10/18
 12035 | Orc:1    | Entered Level 1 of the Orcish Mines
 12213 | Orc:1    | Found a roughly hewn altar of Beogh.
 12397 | Orc:2    | Entered Level 2 of the Orcish Mines
 12405 | Orc:2    | Reached skill level 10 in Armour
 12599 | Orc:2    | Noticed an orc warlord
 12629 | Orc:2    | Found a frozen archway.
 12669 | Orc:2    | Noticed a stone giant
 12686 | Orc:2    | Killed a stone giant
 12712 | Orc:2    | Killed an orc warlord
 12723 | IceCv    | Entered an ice cave
 12978 | IceCv    | Found a transporter.
 12997 | IceCv    | Found a transporter.
 13044 | IceCv    | Identified the +6 scale mail "Geneod" {*Slow rElec Dex+2}
                  | (You found it in an ice cave)
 13048 | IceCv    | Identified Renegane's Catalogue of Spatial Evil Rites
 13061 | IceCv    | Learned a level 2 spell: Blink
 13315 | Orc:1    | Reached skill level 1 in Translocations
 13781 | Orc:2    | Found Yschomog's General Store.
 14174 | Orc:2    | Found Mithimy Eneu's Antique Weapon Shop.
 14187 | Orc:2    | Found a staircase to the Elven Halls.
 14259 | Orc:2    | Found a roughly hewn altar of Beogh.
 14316 | Orc:2    | Reached XP level 14. HP: 69/113 MP: 19/19
 14560 | Orc:2    | Reached skill level 1 in Spellcasting
 14568 | Orc:2    | Found Uceoffyck's Book Emporium.
 14629 | Orc:2    | Found Uluwk's Antique Armour Shoppe.
 14637 | Orc:2    | Bought a pair of runed boots for 240 gold pieces
 14642 | Orc:2    | Identified a +1 pair of boots of running (You bought it in
                  | a shop on level 2 of the Orcish Mines)
 14874 | Lair:1   | Entered Level 1 of the Lair of Beasts
 15965 | Lair:1   | Reached skill level 11 in Dodging
 16266 | Lair:2   | Reached skill level 12 in Dodging
 16416 | Lair:2   | Found a staircase to the Snake Pit.
 16920 | Lair:3   | Noticed Prince Ribbit
 16938 | Lair:3   | Reached skill level 13 in Dodging
 16944 | Lair:3   | Killed Prince Ribbit
 17020 | Lair:3   | Reached ***** piety under Qazlal
 17027 | Lair:3   | Noticed Nergalle
 17060 | Lair:3   | Killed Nergalle
 17360 | Lair:3   | Reached skill level 14 in Dodging
 17700 | Lair:3   | Found a staircase to the Swamp.
 17730 | Swamp:1  | Entered Level 1 of the Swamp
 17842 | Swamp:1  | Gained mutation: You are clumsy. (Dex -2) [potion of
                  | mutation]
 17842 | Swamp:1  | Gained mutation: Your flesh is heat resistant. (rF+)
                  | [potion of mutation]
 17842 | Swamp:1  | Gained mutation: You are covered in fur. (AC +1) [potion of
                  | mutation]
 17964 | Swamp:1  | Noticed a purple very ugly thing
 17974 | Swamp:1  | Reached XP level 15. HP: 90/118 MP: 21/21
 18192 | Swamp:1  | Reached skill level 1 in Necromancy
 18542 | Swamp:4  | Entered Level 4 of the Swamp
 18630 | Swamp:4  | Reached skill level 15 in Dodging
 18876 | Swamp:4  | Noticed a ghoul
 18896 | Swamp:3  | Mangled by a vampire knight

Levels and vault maps discovered:
D:1:      onia_arrival_zoo_common, layout_basic
D:2:      layout_loops_corners, okawaru_metal_pillars_3, lemuel_crystal_altar,
          minmay_tromino_i4, uniq_crazy_yiuf_cottage, uniq_sigmund, uniq_jessica
D:3:      layout_rooms, uniq_natasha
D:4:      layout_rooms, serial_shops, shop, tgw_sif
D:5:      layout_cave_pools, first_ration, gup_sewer_entry_glass, serial_shops,
          shop
D:6:      kennysheep_orc_sif_temple, layout_cave_pools,
          minmay_temple_entry_stoned_glass, serial_shops, kennysheep_mini_moat,
          elyvilon_altar_3
D:7:      layout_basic
D:8:      layout_cave_pools, david_lair_shrubbed, ebering_ghost_funeral_grove
D:9:      layout_roguey, serial_shops, shop, hangedman_fish_farm, uniq_pikel
D:10:     layout_loops_cross
D:11:     layout_irregular_city, hiddenorc2_lemuel, bh_hangedman_babel_library
D:12:     layout_loops_ring, ice2_lemuel
D:13:     minmay_the_grid_triangle_9x9_recursive_3
          [minmay_the_grid_triangle_9x9_corrupted_corridor,
          minmay_the_grid_triangle_9x9_alien,
          minmay_the_grid_triangle_9x9_checkered,
          minmay_the_grid_triangle_9x9_prize_top_heavy,
          minmay_the_grid_triangle_9x9_odd_lines,
          minmay_the_grid_triangle_9x9_empty,
          minmay_the_grid_triangle_9x9_thin_v,
          minmay_the_grid_triangle_9x9_intruding_spiral,
          minmay_the_grid_triangle_9x9_minimal], layout_loops_cross,
          chequers_serial_rivers_micro_e, uniq_azrael, uniq_frances
D:14:     layout_basic, erik_vaults_2, nicolae_ru_the_path_less_chosen,
          serial_glass, glass_columns_c, glass_columns_b,
          minmay_strange_pillars, item_on_display_b, due_unseen_surprise,
          minmay_strange_pillars
Temple:   regret_index_temple_chain_breaker
Lair:1:   layout_cave_pods
Lair:2:   layout_chaotic_city, minmay_snake_entry_six_corridors,
          grunt_megastairs_5
Lair:3:   statuecave_lemuel, layout_loops_ring,
          nicolae_swamp_entry_splash_gauntlet, special_room [special_room_bee],
          lemuel_fruit_fields, infiniplex_staircase_pool, uniq_prince_ribbit2,
          uniq_nergalle
Swamp:1:  layout_falls_marsh, evilmike_swamp_ruin_house_5
Swamp:2:  layout_basic_swamp, nicolae_swamp_dense_foliage
Swamp:3:  layout_basic_swamp, evilmike_swamp_ruin_rubble_2
Swamp:4:  byrel_swamp_growth_death_and_undeath, layout_basic_swamp
Orc:1:    layout_caves, basic_altar
Orc:2:    grunt_orc_gardens, layout_caves, grunt_orc_garden, grunt_orc_garden,
          grunt_orc_garden, grunt_orc_garden, portal_ice_cave_entry_ice_beasts,
          mines1_david

Skill      XL: |  1  2  3  4  5  6  7  8  9 10 11 12 13 14 15 |
---------------+----------------------------------------------+-----
Polearms       | 5 6 7 8 10 12 13 14 | 14.4
Evocations     | 2 |  2.5
Dodging        | 10 14 15 | 15.9
Fighting       | 9 11 12 | 12.1
Invocations    | 5 7 |  7.6
Shields        | 4 |  4.0
Armour         | 4 9 11 | 11.4
Translocations | 4 |  4.2
Spellcasting   | 4 |  4.2
Charms         | 3 |  3.9
Necromancy     | 2 |  2.7
Stealth        | |  2.1

Action                   |  1- 3 |  4- 6 |  7- 9 | 10-12 | 13-15 || total
-------------------------+-------+-------+-------+-------+-------++-------
Melee: Spear             |   132 |   151 |    31 |       |       ||   314
       Quarterstaff      |       |    12 |       |       |       ||    12
       Scythe            |       |     3 |   344 |    69 |       ||   416
       Tailslap          |       |       |     5 |     6 |    32 ||    43
       Trident           |       |       |       |   563 |  1165 ||  1728
Throw: Dart              |       |       |     5 |     4 |    15 ||    24
Invok: Upheaval          |       |       |       |    16 |    36 ||    52
       Elemental Force   |       |       |       |     1 |     3 ||     4
       Disaster Area     |       |       |       |       |     1 ||     1
 Abil: Evoke Berserk Rag |       |     7 |     1 |     3 |     1 ||    12
Evoke: Wand              |       |       |     6 |    12 |    27 ||    45
       Phial of floods   |       |       |       |       |     1 ||     1
       Phantom mirror    |       |       |       |       |     1 ||     1
  Use: Scroll            |     1 |     2 |     7 |     7 |    14 ||    31
       Potion            |       |       |     4 |     2 |     5 ||    11
 Stab: Sleeping          |     7 |    12 |    10 |       |       ||    29
       Distracted        |     1 |       |     2 |       |     1 ||     4
       Paralysed         |       |       |       |       |    10 ||    10
  Eat: Chunk             |     3 |    12 |     7 |    20 |    20 ||    62
       Ration            |       |       |     1 |     1 |     1 ||     3
Armor: Robe              |    11 |    14 |     9 |       |       ||    34
       Leather armour    |       |       |    45 |       |   133 ||   178
       Skin              |       |       |   110 |       |       ||   110
       Ring mail         |       |       |    64 |    67 |    13 ||   144
Dodge: Dodged            |    65 |    64 |   341 |   237 |   521 ||  1228
       Deflected         |       |       |       |       |     1 ||     1
Block: Other             |       |       |     8 |    19 |       ||    27
       Buckler           |       |       |       |    78 |   352 ||   430

Table legend:
 A = Non-vault XP
 B = Vault XP
 C = Vault XP percentage of total XP
 D = Non-vault monster count
 E = Vault monster count
 F = Vault count percentage of total count
                 A         B        C        D         E       F
            +---------+---------+-------+---------+---------+-------
      Total |   65433 |   40760 |  38.4 |     477 |     210 |  30.6
            +---------+---------+-------+---------+---------+-------
        D:1 |      22 |       0 |   0.0 |      12 |       0 |   0.0
        D:2 |     126 |     309 |  71.0 |      20 |       7 |  25.9
        D:3 |     126 |      36 |  22.2 |      26 |       1 |   3.7
        D:4 |     173 |      40 |  18.8 |      19 |       1 |   5.0
        D:5 |    1204 |      12 |   1.0 |      33 |       6 |  15.4
        D:6 |     770 |     217 |  22.0 |      26 |       3 |  10.3
        D:7 |     631 |       0 |   0.0 |      12 |       0 |   0.0
        D:8 |    1817 |    1990 |  52.3 |      28 |       6 |  17.6
        D:9 |    2395 |     968 |  28.8 |      30 |       2 |   6.2
       D:10 |    3004 |       0 |   0.0 |      27 |       0 |   0.0
       D:11 |    3450 |    2889 |  45.6 |      24 |      36 |  60.0
       D:12 |    6426 |    2908 |  31.2 |      40 |      12 |  23.1
       D:13 |     367 |       0 |   0.0 |       2 |       0 |   0.0
       D:14 |    1160 |    2962 |  71.9 |       3 |       3 |  50.0
     Lair:1 |    6816 |       0 |   0.0 |      27 |       0 |   0.0
     Lair:2 |    4678 |    2683 |  36.4 |      24 |      17 |  41.5
     Lair:3 |    4180 |    5776 |  58.0 |      19 |      38 |  66.7
    Swamp:1 |   10414 |       0 |   0.0 |      20 |       0 |   0.0
    Swamp:2 |    4685 |       0 |   0.0 |      14 |       0 |   0.0
    Swamp:3 |     422 |       0 |   0.0 |       2 |       0 |   0.0
    Swamp:4 |    3823 |    6608 |  63.3 |      10 |      14 |  58.3
      Orc:1 |    5167 |     401 |   7.2 |      37 |       3 |   7.5
      Orc:2 |    3577 |   10415 |  74.4 |      22 |      32 |  59.3
      Sewer |       0 |      63 | 100.0 |       0 |      19 | 100.0
      IceCv |       0 |    2483 | 100.0 |       0 |      10 | 100.0
            +---------+---------+-------+---------+---------+-------
